AoeStats
← [LCDR] Chorobura

Arabian Desert

510522122Analyzed
1v1 RM · 1d ago on Oct 1, 2026· 49m 18s· 2 players
Game mode
Random Map
Map size
Tiny (2 player)
Population
200
Speed
Normal
Resources
Standard
Victory
Conquest
Starting age
Dark Age
Ending age
Imperial Age
RankedLock teamsTeams togetherTeam positionsShared explorationLock speedFull tech treeHidden civsTurbo modeCheats
Victory
Defeat
🇨🇳 Inca · China
1735
+16
🇧🇷 Khmer · Brazil
1735
-16
I'm AOE2 Noob
8:54 Feudal Age
8:01 Loom
9:32 Double-Bit Axe
10:01 Champi Runner
16:27 Scale Mail Armor
17:29 Wheelbarrow
18:24 Wheelbarrow
19:53 Arson
21:56 Forging
24:03 Castle Age
22:43 Horse Collar
24:07 Town Watch
24:03 Champi Warrior
24:44 Squires
26:43 Chain Mail Armor
28:06 Fletching
28:51 Iron Casting
28:10 Elite Skirmisher
31:12 Fletching
31:22 Padded Archer Armor
32:57 Bodkin Arrow
34:44 Ballistics
35:42 Leather Archer Armor
37:41 Bow Saw
37:37 Pikeman
42:18 Imperial Age
41:12 Andean Sling
41:16 Heavy Plow
41:07 Gold Mining
41:07 Stone Mining
43:15 Bracer
46:17 Hand Cart
49:51 Ring Archer Armor
[LCDR] Chorobura
5:20 Loom
8:52 Feudal Age
9:26 Double-Bit Axe
9:22 Horse Collar
20:46 Castle Age
20:32 Padded Archer Armor
20:23 Fletching
20:36 Padded Archer Armor
21:53 Husbandry
23:15 Gold Mining
24:00 Bodkin Arrow
26:32 Bloodlines
27:25 Leather Archer Armor
28:15 Ballistics
38:48 Scale Barding Armor
41:07 Wheelbarrow
45:30 Chain Barding Armor
45:38 Forging
49:31 Imperial Age
Connection lost

Rejoining the realm…

Still unreachable

The connection could not be restored.

Session expired

The server has moved on; the page needs a fresh start.